 Dungeon Crawl Stone Soup version 0.29.1-15-g9cfb28693d (webtiles) character file.

Game seed: 16023590770683002601

338315 BlackCrag the Slayer (level 21, -1/222 HPs)
             Began as a Minotaur Berserker on Apr 5, 2023.
             Was the Champion of Trog.
             Slain by Vatovie's ghost (31 damage)
             ... on level 3 of the Vaults on Apr 6, 2023.
             The game lasted 04:12:10 (46398 turns).

BlackCrag the Slayer (Minotaur Berserker)          Turns: 46398, Time: 04:12:11

Health: -1/222     AC: 22    Str: 43      XL:     21   Next: 2%
Magic:  0/20       EV: 20    Int: 10      God:    Trog [******]
Gold:   3400       SH:  0    Dex: 24 (27) Spells: 20/20 levels left

rFire   + + +      SeeInvis .   U - +9 great mace (vamp)
rCold   . . .      Faith    .   (shield currently unavailable)
rNeg    + + +      Spirit   +   u - +4 scale mail "Tuomam" {rN+ Will+}
rPois   +          Reflect  .   L - +1 hat of the Mind {rN+ Dex+7}
rElec   +          Harm     .   c - scarf {repulsion}
rCorr   +          Rampage  .   l - +2 pair of gloves "Qapim" {rPois rF++ rN+}
Will    +....                   M - +2 pair of boots {Stlth+}
Stlth   ++........              n - amulet "Lemeisk" {Spirit Dex+4}
HPRegen 0.47/turn               k - ring of Ashenzari's Approval {rPois rF+ Str+3 Int+6}
MPRegen 0.17/turn               D - ring of the Dragon {*Slow rElec rCorr Str+9 Dex+6}

@: weak-willed, marked, very very heavily contaminated, glowing, studying
Polearms, repel missiles, unable to read
A: horns 2, retaliatory headbutt, weak 1, inability to read after injury 1
}: 2/15 runes: decaying, serpentine
a: Renounce Religion, Berserk, Trog's Hand, Brothers in Arms


You were on level 3 of the Vaults.
You worshipped Trog.
Trog was exalted by your worship.
You visited 8 branches of the dungeon, and saw 37 of its levels.
You also visited: Gauntlet, Ice Cave and Wizlab.

You collected 5378 gold pieces.
You spent 1978 gold pieces at shops.

Inventory:

Hand Weapons
 g - the +9 great mace of Peril {vorpal, rF- Will+ rCorr Str+3}
   (Trog gifted it to you on level 2 of the Elven Halls)

   It inflicts extra damage upon your enemies.
   Str:       It affects your strength (+3).
   rF:        It makes you vulnerable to fire.
   rCorr:     It protects you from acid and corrosion.
   Will:      It increases your willpower.
 E - a +9 great mace of holy wrath
 J - a +7 great mace of venom
 U - a +9 vampiric great mace (weapon)
Missiles
 y - 7 curare-tipped darts
 G - 6 boomerangs of dispersal
 K - 4 silver javelins
 O - 2 javelins
 R - 15 poisoned darts
 S - 5 boomerangs (quivered)
Armour
 a - the +18 shield of the Gong {rElec rN+ Will+ EV-5}
   (You found it on level 3 of the Elven Halls)

   It is deafeningly noisy when blocking attacks.
   EV:        It affects your evasion (-5).
   rElec:     It insulates you from electricity.
   rN:        It protects you from negative energy.
   Will:      It increases your willpower.
 c - a scarf of repulsion (worn)
 l - the +2 pair of gloves "Qapim" (worn) {rPois rF++ rN+}
   (You found it on level 14 of the Dungeon)

   rF:        It greatly protects you from fire.
   rPois:     It protects you from poison.
   rN:        It protects you from negative energy.
 u - the +4 scale mail "Tuomam" (worn) {rN+ Will+}
   (You took it off an orc on level 3 of the Dungeon)

   rN:        It protects you from negative energy.
   Will:      It increases your willpower.
 B - a +2 cloak of stealth
 L - the +1 hat of the Mind (worn) {rN+ Dex+7}
   (You found it in a Gauntlet)

   Dex:       It affects your dexterity (+7).
   rN:        It protects you from negative energy.
 M - a +2 pair of boots of stealth (worn)
 Y - a +7 chain mail of fire resistance
Jewellery
 e - an amulet of faith
 k - the ring of Ashenzari's Approval (left hand) {rPois rF+ Str+3 Int+6}
   (You found it on level 14 of the Dungeon)

   [ring of intelligence]

   Str:       It affects your strength (+3).
   Int:       It affects your intelligence (+6).
   rF:        It protects you from fire.
   rPois:     It protects you from poison.
 n - the amulet "Lemeisk" (around neck) {Spirit Dex+4}
   (You took it off a naga ritualist on level 2 of the Snake Pit)

   [amulet of guardian spirit]

   It causes incoming damage to be divided between your reserves of health and
   magic.
   Dex:       It affects your dexterity (+4).
 w - a ring of see invisible
 C - the ring "Sibrauf" {rC+ rN+}
   (You found it in an ice cave)

   [ring of protection from cold]

   rC:        It protects you from cold.
   rN:        It protects you from negative energy.
 D - the ring of the Dragon (right hand) {*Slow rElec rCorr Str+9 Dex+6}
   (You bought it in a shop on level 2 of the Orcish Mines)

   [ring of dexterity]

   Str:       It affects your strength (+9).
   Dex:       It affects your dexterity (+6).
   rElec:     It insulates you from electricity.
   rCorr:     It protects you from acid and corrosion.
   *Slow:     It may slow you when you take damage.
 H - the ring "Woyclocw" {rF+ rC++ Will+ Str-5 Slay+4}
   (You found it on level 4 of the Snake Pit)

   [ring of slaying]

   Str:       It affects your strength (-5).
   Slay:      It affects your accuracy & damage with ranged weapons and melee
   (+4).
   rF:        It protects you from fire.
   rC:        It greatly protects you from cold.
   Will:      It increases your willpower.
 N - the ring "Bufaig" {Fly rCorr Str+4 Dex+3}
   (You took it off a deep elf pyromancer on level 3 of the Elven Halls)

   [ring of flight]

   Str:       It affects your strength (+4).
   Dex:       It affects your dexterity (+3).
   Fly:       It grants you flight.
   rCorr:     It protects you from acid and corrosion.
Wands
 o - a wand of flame (43)
 p - a wand of digging (10)
 v - a wand of light (9)
 x - a wand of mindburst (12)
 P - a wand of iceblast (6)
Scrolls
 b - 5 scrolls of fear
 i - 7 scrolls of butterflies
 j - 3 scrolls of poison
 q - 7 scrolls of teleportation
 r - 4 scrolls of magic mapping
 t - 3 scrolls of summoning
 T - a scroll of torment
 W - 2 scrolls of acquirement
 X - a scroll of silence
 Z - 3 scrolls of blinking
Potions
 d - 19 potions of curing
 f - a potion of experience
 h - 6 potions of flight
 m - 6 potions of might
 s - 8 potions of resistance
 A - 8 potions of heal wounds
 I - 5 potions of invisibility
 Q - 4 potions of cancellation
 V - 5 potions of haste
Miscellaneous
 z - a phial of floods
 F - a phantom mirror


   Skills:
 * Level 26.4 Fighting
 * Level 26.0 Maces & Flails
 * Level 14.1 Throwing
 + Level 15.6 Armour
 + Level 11.5 Dodging
 + Level 9.3 Stealth
 + Level 6.1 Evocations


You had 20 spell levels left.
You didn't know any spells.
Your spell library was empty.

Dungeon Overview and Level Annotations

Branches:
Dungeon (15/15)            Temple (1/1) D:4            Lair (5/5) D:10
  Swamp (4/4) Lair:3        Snake (4/4) Lair:2        Slime (0/5) Lair:4
    Orc (2/2) D:12            Elf (3/3) Orc:2        Vaults (3/5) D:13
  Crypt (0/3) Vaults:3     Depths (0/4) D:15          IceCv (visited)
 WizLab (visited)         Gauntlet (visited)

Altars:
Ashenzari
Cheibriados
Dithmenos
Elyvilon
Fedhas
Gozag
Hepliaklqana
Kikubaaqudgha
Makhleb
Nemelex Xobeh
Okawaru
Qazlal
Ru
Sif Muna
Trog
Uskayaw
Vehumet
Wu Jian
Xom
Yredelemnul
Zin
The Shining One

Shops:
D:5 !   D:6 *   D:8 *   D:11 *   D:15 *   Orc:1 (   Orc:2 *=[[   Elf:2 *
Snake:4 =?

Portals:
Trove: D:12 (give 9 potions of haste)

Annotations:
Vaults:3 Vatovie's ghost, veteran MiFi


Innate Abilities, Weirdness & Mutations

You have a pair of horns on your head.
You reflexively headbutt those who attack you in melee.
You are weak. (Str -2)
You occasionally lose the ability to read scrolls when taking damage.


Message History

The Tzitzimitl is poisoned.
The magical storm engulfs Vatovie's ghost.
Vatovie's ghost completely resists.
The magical storm engulfs the vault warden!!!
The magical storm engulfs the vault warden!!
The magical storm engulfs the great orb of eyes!!
The magical storm engulfs the ironbound thunderhulk!!!
The ironbound thunderhulk dies!
The magical storm engulfs the rakshasa.
The rakshasa resists.
You occasionally lose the ability to read scrolls when taking damage.
Vatovie's ghost says, "I won't need demonic support against you."
Vatovie's ghost hits you!
* * * LOW HITPOINT WARNING * * *
The vault warden hits you with a +2 great mace of holy wrath!
* * * LOW HITPOINT WARNING * * *
The vault warden hits you but does no damage.
The rakshasa blinks!
The rakshasa enters a dispersal trap!
The great orb of eyes blinks!
The vault warden blinks!
The Tzitzimitl blinks!
The great orb of eyes blinks!
The vault warden blinks!
Vatovie's ghost blinks!
Vatovie's ghost enters a dispersal trap!
The Tzitzimitl blinks! x2; The vault warden blinks!
The great orb of eyes blinks!
You blink.
Vatovie's ghost blinks!
You blink.
The rakshasa blinks!
Vatovie's ghost hits you but does no damage.
The vault warden drinks a potion.
The vault warden is healed!
The rakshasa weaves an illusion.
Vatovie's ghost shimmers and seems to become two!
The great orb of eyes bites you but does no damage.
You hear a loud "Zot"!
The power of Zot is invoked against you!
Your willpower is stripped away!
You turn to flesh and can move again.
You splatter the great orb of eyes into a gooey mess!!!
You kill the great orb of eyes!
Trog accepts your kill.
The runic seal fades away.
Your skin stops crawling.
You feel less strong-willed. Vatovie's ghost hits you!!
You feel threatened and lose the ability to read scrolls!
You die...

.# ##############..# .#
#⌠....[....⌠##..# .#
#.#.#.#.#.#.##..# .#
#^.^...^...^##..# .#
#.^.#.#.#...##..# .#
#⌠.^.^.^.^.⌠##..# .#
######+++######..# .#
#.^.^.)WR.^...#..# .#
#^....pW@..^.^#..# .#
#...^..§.§^p^.#..# .#
#.§....1.^)^..#..#
.################+#####..#
.........................#
##########################


You could see a Tzitzimitl (poisoned), 2 vault wardens, a rakshasa and 2 ghosts
called Vatovie.

Vanquished Creatures
  Mara (Vaults:2)
  Nikola (Snake:2)
  Mlioglotl (Swamp:1)
  2 deep elf blademasters (Elf:3)
  2 quicksilver dragons (Snake:4)
  Gastronok (Lair:3)
  A sphinx (Vaults:3)
  2 deep elf master archers (Elf:3)
  Frances (Elf:1)
  A thorn hunter (Swamp:3)
  Agnes (D:14)
  2 azure jellies (IceCv)
  6 nagarajas
  A frost giant (D:15)
  2 deep elf sorcerers (Elf:3)
  Aizul (Swamp:4)
  4 vault wardens
  Louise (Elf:1)
  The ghost of Namores the Warrior, a journeyman MiBe of Trog (D:14)
  4 deep elf elementalists
  3 ghouls (Swamp:2)
  A war gargoyle (Vaults:2)
  10 ironbound preservers
  5 ironbound thunderhulks
  8 very ugly things
  4 dire elephants
  An eleionoma (Swamp:2)
  2 deep elf demonologists
  7 deep elf annihilators
  A minotaur (Gauntlet)
  The ghost of Hiywul the Fighter, a journeyman MiHu of Trog (Lair:4)
  5 bunyips
  3 entropy weavers
  An orange crystal statue (WizLab)
  2 crystal guardians (Vaults:2)
  4 deep elf death magi (Elf:3)
  3 shambling mangroves
  Josephine (Lair:4)
  6 yaktaur captains
  An ice dragon (Swamp:4)
  2 deep elf high priests (Elf:3)
  5 great orbs of eyes
  5 boulder beetles
  2 peacekeepers (Vaults:2)
  2 salamander tyrants
  2 ghost crabs
  A catoblepas (D:13)
  11 vault guards
  Erica (Lair:2)
  7 naga warriors
  19 hydras
  A spriggan air mage (Swamp:2)
  16 centaur warriors
  3 two-headed ogres
  A death knight (D:13)
  25 dancing weapons
  6 anacondas
  11 alligators
  2 tengu warriors (D:15)
  7 ironbound frosthearts
  18 death yaks
  3 orc high priests
  10 shock serpents
  9 naga sharpshooters
  Sonja (Lair:5)
  12 deep elf knights
  2 spriggan berserkers (Swamp:2)
  8 skeletal warriors
  7 salamander mystics
  The ghost of CatalinOSBI the Reanimator, a novice DENe of Vehumet (D:8)
  A sea snake (Snake:1)
  A spectral death yak (Lair:4)
  Amaemon (D:8)
  19 deep trolls
  The ghost of Athtar the Grappler, a novice DrTm of Wu Jian (D:8)
  14 bog bodies
  6 spriggan druids
  7 naga ritualists
  15 deep elf archers
  9 ironbound convokers
  7 wizards
  10 swamp dragons
  4 harpies (Vaults:3)
  2 necromancers (Vaults:2)
  An orc knight (Vaults:1)
  12 mana vipers
  3 phantasmal warriors
  29 deep elf pyromancers
  3 lindwurms (Vaults:1)
  5 will-o-the-wisps
  32 deep elf zephyrmancers
  6 spectral spriggans (Swamp:2)
  A fire giant zombie (Vaults:2)
  12 orc sorcerers
  15 salamanders
  4 manticores
  2 cyclopes
  A frost giant zombie (Vaults:2)
  28 ugly things
  Maurice (D:7)
  2 ice statues (IceCv)
  5 guardian serpents
  9 elephants
  4 centaur zombies (D:13)
  50 black mambas
  3 torpor snails
  7 cane toads
  14 naga magi
  8 vault sentinels
  An orange demon (D:8)
  A gargoyle (D:12)
  Maggie (Lair:2)
  4 rime drakes
  An unseen horror (D:9)
  2 komodo dragons (Lair:5)
  A yaktaur zombie (Vaults:2)
  27 yaktaurs
  A golden dragon simulacrum (Vaults:2)
  3 kobold demonologists
  3 freezing wraiths
  4 trolls
  A bloated husk (Swamp:2)
  13 blink frogs
  7 tyrant leeches
  2 tarantellas
  14 hornets
  7 polar bears
  A spectral lindwurm (Lair:4)
  57 slime creatures
  Grinder (D:3)
  A meliai zombie (D:13)
  A raiju (Gauntlet)
  5 dream sheep
  Sigmund (D:2)
  A spectral black mamba (Lair:4)
  A stone giant simulacrum (Vaults:2)
  5 shadows
  4 air elementals
  A culicivora (shapeshifter) (D:13)
  4 vampires
  22 spriggans
  A culicivora (Vaults:2)
  3 fire elementals
  3 basilisks
  5 water elementals
  9 wyverns
  8 wraiths
  A fire bat (shapeshifter) (D:13)
  3 steam dragons
  37 yaks
  A spectral komodo dragon (Lair:4)
  9 vampire mosquitoes
  5 neqoxecs (D:14)
  7 wargs
  A yaktaur simulacrum (Vaults:2)
  A redback (shapeshifter) (D:13)
  A redback (Vaults:2)
  21 nagas
  15 swamp worms
  An acid dragon (D:11)
  An ogre skeleton (Vaults:2)
  Duvessa (D:7)
  20 orc warriors
  4 water moccasins
  A glowing shapeshifter skeleton (Vaults:2)
  6 swamp drakes
  2 ice beasts
  2 black bears
  A great orb of eyes simulacrum (IceCv)
  22 wolves
  7 boggarts
  6 ogres
  The ghost of engelados the Conjurer, an amateur DgCj (D:3)
  8 centaurs
  2 slime creature simulacra (IceCv)
  2 kobold brigands
  11 bullfrogs
  2 earth elementals (Elf:1)
  A gnoll sergeant (D:9)
  2 necrophages
  2 scorpions
  A glowing shapeshifter simulacrum (IceCv)
  3 wights (D:9)
  Dowan (D:7)
  A human simulacrum (Vaults:2)
  A dream sheep simulacrum (Lair:4)
  7 killer bees
  3 electric eels
  A howler monkey (D:11)
  2 quasits (D:14)
  A komodo dragon simulacrum (Lair:4)
  3 hounds
  5 jellies
  23 orc priests
  2 iguanas (D:4)
  45 orc wizards
  4 hell rats (Lair:3)
  A boggart zombie (D:13)
  4 shapeshifter simulacra (IceCv)
  4 gnolls (D:9)
  8 adders
  4 shadow imps (D:5)
  2 white imps
  An ufetubus (D:5)
  2 dart slugs
  104 orcs
  6 endoplasms
  4 giant cockroaches
  6 goblins
  6 hobgoblins
  7 jackals
  10 kobolds
  5 quokkas
  11 ball pythons
  3 bats
  7 frilled lizards
  7 rats
1398 creatures vanquished.

Vanquished Creatures (collateral kills)
  2 deep elf demonologists (Elf:3)
  A deep elf high priest (Elf:3)
  A great orb of eyes (Vaults:3)
  3 slime creatures
7 creatures vanquished.

Vanquished Creatures (others)
  An ironbound thunderhulk (Vaults:3)
  A human skeleton (Vaults:2)
  A bloated husk (Swamp:2)
  A swamp drake (Swamp:4)
  An orc wizard (Elf:3)
  A shapeshifter simulacrum (IceCv)
  2 orcs
  6 bushes (D:10)
  16 foxfires
  47 fungi
  64 plants
  13 withered plants (Gauntlet)
154 creatures vanquished.

Grand Total: 1559 creatures vanquished

Notes
Turn   | Place    | Note
-------+----------+-------------------------------------------
     0 | D:1      | BlackCrag the Minotaur Berserker began the quest for the
                  | Orb.
     0 | D:1      | Reached XP level 1. HP: 19/19 MP: 0/0
   308 | D:1      | Found a faded altar of an unknown god.
   510 | D:1      | Reached XP level 2. HP: 19/27 MP: 1/1
  1722 | D:2      | Reached XP level 3. HP: 33/33 MP: 2/2
  1761 | D:2      | Noticed Sigmund
  1769 | D:2      | Killed Sigmund
  1770 | D:2      | Reached skill level 5 in Maces & Flails
  1770 | D:2      | Reached skill level 1 in Throwing
  1770 | D:2      | Reached XP level 4. HP: 25/41 MP: 3/3
  1770 | D:2      | Reached XP level 5. HP: 28/47 MP: 4/4
  2085 | D:2      | Reached ** piety under Trog
  2237 | D:2      | You fall into a shaft and drop 1 floor!
  2254 | D:3      | Reached skill level 5 in Fighting
  2254 | D:3      | Reached skill level 1 in Stealth
  2518 | D:3      | Reached XP level 6. HP: 45/56 MP: 5/5
  2855 | D:3      | Noticed Grinder
  2873 | D:3      | Killed Grinder
  3001 | D:3      | Found a runed translucent gate.
  3002 | D:3      | Found a runed translucent gate.
  3002 | D:3      | Identified the +8 whip "Tack" {vorpal, Dex+4}
  3002 | D:3      | Identified the +4 scale mail "Tuomam" {rN+ Will+}
  3003 | D:3      | Found a runed translucent gate.
  3004 | D:3      | Noticed engelados's ghost (amateur DgCj)
  3028 | D:3      | Killed engelados's ghost
  3029 | D:3      | Reached XP level 7. HP: 60/61 MP: 6/6
  3782 | D:4      | Found a staircase to the Ecumenical Temple.
  3791 | Temple   | Entered the Ecumenical Temple
  4463 | D:4      | Reached *** piety under Trog
  4541 | D:5      | Entered Level 5 of the Dungeon
  4692 | D:5      | Noticed a kobold demonologist
  4696 | D:5      | Found a transporter.
  4743 | D:5      | Found Rocrit's Distillery.
  4746 | D:5      | Bought a potion of resistance for 130 gold pieces
  4746 | D:5      | Bought a potion of heal wounds for 65 gold pieces
  4746 | D:5      | Bought a potion of heal wounds for 65 gold pieces
  4746 | D:5      | Bought a potion of curing for 39 gold pieces
  4849 | D:5      | Found a transporter.
  4890 | D:5      | Reached XP level 8. HP: 70/70 MP: 7/7
  5164 | D:5      | Killed a kobold demonologist
  5337 | D:6      | Reached skill level 5 in Armour
  5416 | D:6      | Found a sparkling altar of Nemelex Xobeh.
  5537 | D:6      | Found Zuak Res's General Store.
  5553 | D:6      | Bought a scroll of identify for 30 gold pieces
  5553 | D:6      | Bought a scroll of identify for 30 gold pieces
  6542 | D:7      | Reached skill level 1 in Evocations
  6790 | D:7      | Found a blossoming altar of Fedhas.
  6824 | D:7      | Found a stormy altar of Qazlal.
  6830 | D:7      | Reached XP level 9. HP: 75/78 MP: 8/8
  6864 | D:7      | Noticed Duvessa
  6866 | D:7      | Noticed Dowan
  6871 | D:7      | Killed Duvessa
  6888 | D:7      | Killed Dowan
  6951 | D:7      | Found an iron altar of Okawaru.
  6951 | D:7      | Found a burning altar of Makhleb.
  6953 | D:7      | Found a hazy altar of Hepliaklqana.
  6953 | D:7      | Found a glowing golden altar of the Shining One.
  7016 | D:7      | Reached **** piety under Trog
  7211 | D:7      | Reached skill level 10 in Maces & Flails
  7222 | D:7      | Reached skill level 5 in Throwing
  7566 | D:8      | Noticed Maurice
  7604 | D:7      | Killed Maurice
  7605 | D:7      | Reached skill level 5 in Dodging
  7832 | D:8      | Found Qon Foebe's General Store.
  7859 | D:8      | Reached XP level 10. HP: 88/88 MP: 9/9
  7898 | D:8      | Noticed Amaemon
  7898 | D:8      | Noticed an orange demon
  7908 | D:8      | Killed Amaemon
  7915 | D:8      | Killed an orange demon
  8219 | D:8      | Found a runed translucent gate.
  8219 | D:8      | Found a runed translucent gate.
  8219 | D:8      | Found a runed translucent gate.
  8221 | D:8      | Noticed CatalinOSBI's ghost (novice DENe)
  8222 | D:8      | Noticed Athtar's ghost (novice DrTm)
  8388 | D:8      | Killed Athtar's ghost
  8392 | D:8      | Killed CatalinOSBI's ghost
  9339 | D:9      | Noticed a two-headed ogre
  9347 | D:9      | Killed a two-headed ogre
  9426 | D:9      | Reached XP level 11. HP: 97/97 MP: 10/10
  9556 | D:9      | Noticed a two-headed ogre
  9564 | D:9      | Killed a two-headed ogre
  9865 | D:10     | Entered Level 10 of the Dungeon
  9913 | D:10     | Identified the +10 mace of Ehiebeor {pain, rF- Int+4 Dex+5}
 10030 | D:10     | Identified the +4 war axe of Ashenzari's Vengeance {vorpal,
                  | Fragile rPois rC+}
 10088 | D:10     | Reached skill level 10 in Fighting
 10284 | D:10     | Found a glowing silver altar of Zin.
 10290 | D:10     | Found an ornate altar of the Wu Jian Council.
 10293 | D:10     | Found a basalt altar of Yredelemnul.
 10340 | D:10     | Found a staircase to the Lair.
 10642 | D:11     | Found Zopi's General Store.
 10648 | D:11     | Bought a scroll of magic mapping for 120 gold pieces
 10737 | D:11     | Noticed a skeletal warrior
 10754 | D:11     | Killed a skeletal warrior
 10759 | D:11     | Noticed a skeletal warrior
 10759 | D:11     | Noticed a skeletal warrior
 10800 | D:11     | Killed a skeletal warrior
 10803 | D:11     | Killed a skeletal warrior
 11137 | D:11     | Noticed a cyan ugly thing
 11146 | D:11     | Killed a cyan ugly thing
 11147 | D:11     | Reached skill level 10 in Armour
 11666 | D:12     | Noticed a seven-headed hydra
 11673 | D:12     | Killed a seven-headed hydra
 11763 | D:12     | Reached XP level 12. HP: 110/110 MP: 11/11
 11783 | D:12     | Noticed a six-headed hydra
 11787 | D:12     | Noticed a boulder beetle
 11788 | D:12     | Killed a six-headed hydra
 11804 | D:12     | Killed a boulder beetle
 12153 | D:12     | Found a staircase to the Orcish Mines.
 12952 | Lair:1   | Entered Level 1 of the Lair of Beasts
 13294 | Lair:1   | Found an ornate altar of the Wu Jian Council.
 13294 | Lair:1   | Found a hide-covered altar of Uskayaw.
 13294 | Lair:1   | Noticed a boulder beetle
 13318 | Lair:1   | Killed a boulder beetle
 13909 | Lair:2   | Noticed Maggie
 13924 | Lair:2   | Noticed a four-headed hydra
 13933 | Lair:2   | Killed Maggie
 13938 | Lair:2   | Killed a four-headed hydra
 14226 | Lair:2   | Noticed Erica
 14229 | Lair:2   | Killed Erica
 14232 | Lair:2   | Found a staircase to the Snake Pit.
 14351 | Lair:2   | Noticed a boulder beetle
 14371 | Lair:2   | Killed a boulder beetle
 14384 | Lair:2   | Reached XP level 13. HP: 119/119 MP: 8/12
 14411 | Lair:2   | HP: 5/119 [eight-headed hydra (5)]
 15319 | Lair:3   | Noticed Gastronok
 15338 | Lair:3   | Killed Gastronok
 15602 | Lair:3   | Reached skill level 5 in Evocations
 15774 | Lair:3   | Found a staircase to the Swamp.
 16865 | Lair:4   | Found a runed translucent gate.
 17097 | Lair:4   | Found a runed translucent door.
 17102 | Lair:4   | Found a runed translucent gate.
 17103 | Lair:4   | Found a runed translucent gate.
 17109 | Lair:4   | Noticed Hiywul's ghost (journeyman MiHu)
 17345 | Lair:3   | Reached skill level 10 in Throwing
 17373 | Lair:4   | Noticed Josephine
 17384 | Lair:3   | Reached skill level 15 in Maces & Flails
 17674 | Lair:4   | Found a staircase to the Slime Pits.
 17757 | Lair:4   | Killed Josephine
 17787 | Lair:4   | Reached ***** piety under Trog
 17960 | Lair:4   | You fall into a shaft and drop 1 floor!
 17960 | Lair:5   | Entered Level 5 of the Lair of Beasts
 18032 | Lair:4   | Reached XP level 14. HP: 85/132 MP: 8/13
 18186 | Lair:4   | Reached skill level 5 in Stealth
 18745 | Lair:4   | Killed Hiywul's ghost
 19040 | Lair:5   | Noticed Sonja
 19076 | Lair:5   | Killed Sonja
 19801 | Lair:5   | Reached skill level 15 in Fighting
 19951 | Lair:5   | Received a gift from Trog
 21787 | D:12     | Found a portal to a secret trove of treasure.
 21996 | Orc:1    | Entered Level 1 of the Orcish Mines
 21996 | Orc:1    | Found Geddom's Antique Weapon Shoppe.
 22128 | Orc:1    | Received a gift from Trog
 22646 | Orc:2    | Entered Level 2 of the Orcish Mines
 23029 | Orc:2    | Received a gift from Trog
 23096 | Orc:2    | Found Nilemiad's Antique Armour Shop.
 23096 | Orc:2    | Found Boug Sun's Antique Armour Shoppe.
 23101 | Orc:2    | Bought a glowing cloak for 225 gold pieces
 23432 | Orc:2    | Found a staircase to the Elven Halls.
 23642 | Orc:2    | Reached XP level 15. HP: 138/144 MP: 14/14
 23714 | Orc:2    | Found Iwniovee's Assorted Antiques.
 23750 | Orc:2    | Found Elyup's Jewellery Shoppe.
 23776 | Orc:2    | Bought a scroll of identify for 74 gold pieces
 23776 | Orc:2    | Bought a scroll of identify for 74 gold pieces
 23789 | Orc:2    | Bought the ring of the Dragon {*Slow rElec rCorr Str+9
                  | Dex+6} for 964 gold pieces
 24150 | D:13     | Identified the +1 robe of the Blacksmith {rC++}
 24161 | D:13     | Received a gift from Trog
 24195 | D:13     | Found a gate to the Vaults.
 24246 | D:13     | Found a gate leading to a gauntlet.
 24266 | Gauntlet | Entered a Gauntlet
 24266 | Gauntlet | Found a transporter.
 24275 | Gauntlet | Found a transporter.
 24277 | Gauntlet | Found a transporter.
 24284 | Gauntlet | Found a transporter.
 24344 | Gauntlet | Found a transporter.
 24345 | Gauntlet | Found a transporter.
 24357 | Gauntlet | Found a transporter.
 24365 | Gauntlet | Found a transporter.
 24373 | Gauntlet | Found a transporter.
 24420 | Gauntlet | Found a transporter.
 24442 | Gauntlet | Found a transporter.
 24481 | Gauntlet | Identified the +1 hat of the Mind {rN+ Dex+7}
 24498 | Gauntlet | Found a transporter.
 24558 | D:13     | Found a frozen archway.
 24569 | IceCv    | Entered an ice cave
 24948 | IceCv    | Found a viscous altar of Jiyva.
 24948 | IceCv    | Noticed an azure jelly
 24953 | IceCv    | Noticed an azure jelly
 24955 | IceCv    | Killed an azure jelly
 24960 | IceCv    | Killed an azure jelly
 24977 | IceCv    | Got the ring "Sibrauf" {rC+ rN+}
 25327 | D:13     | Received a gift from Trog
 25722 | D:14     | Found a transporter.
 25725 | D:14     | Noticed Namores's ghost (journeyman MiBe)
 25764 | D:14     | Found a transporter.
 25792 | D:14     | Noticed Agnes
 25802 | D:14     | Killed Agnes
 26436 | D:14     | Killed Namores's ghost
 26442 | D:14     | Got the ring of Ashenzari's Approval {rPois rF+ Str+3
                  | Int+6}
 26443 | D:14     | Identified the +2 pair of gloves "Qapim" {rPois rF++ rN+}
 26459 | D:14     | Identified the +0 plate armour of Indecent Exposure {rF+
                  | Int+4}
 26502 | D:15     | Entered Level 15 of the Dungeon
 26519 | D:15     | Found Wiextolu's Overcharged Wands.
 27082 | D:15     | Identified the +1 dagger of the Grave {drain, rC+ SInv}
 27299 | D:15     | Found a staircase to the Depths.
 27299 | D:15     | Noticed a frost giant
 27311 | D:15     | Killed a frost giant
 27483 | D:15     | Reached XP level 16. HP: 134/155 MP: 12/15
 27700 | Snake:1  | Entered Level 1 of the Snake Pit
 28083 | Snake:1  | Found a shadowy altar of Dithmenos.
 29035 | Snake:2  | Noticed Nikola
 29052 | Snake:2  | Killed Nikola
 29341 | Snake:2  | Reached ****** piety under Trog
 29466 | Snake:2  | Identified the amulet "Lemeisk" {Spirit Dex+4}
 29797 | Snake:2  | Received a gift from Trog
 30717 | Snake:3  | Reached XP level 17. HP: 157/168 MP: 13/16
 31050 | Snake:3  | Identified the +7 trident of the Vase {speed, rElec rN+
                  | Will+++}
 31173 | Snake:4  | Entered Level 4 of the Snake Pit
 31197 | Snake:4  | Reached skill level 10 in Dodging
 31226 | Snake:4  | Found Lupsanoe's Magic Scroll Shop.
 31228 | Snake:4  | Found Obbal's Jewellery Boutique.
 31240 | Snake:4  | Bought a scroll of blinking for 90 gold pieces
 31240 | Snake:4  | Bought a scroll of identify for 24 gold pieces
 31241 | Snake:4  | Bought a scroll of identify for 24 gold pieces
 31241 | Snake:4  | Bought a scroll of identify for 24 gold pieces
 31242 | Snake:4  | Identified 2 scrolls of acquirement
 31514 | Snake:4  | Received a gift from Trog
 31712 | Snake:4  | Noticed a quicksilver dragon
 31712 | Snake:4  | Noticed a quicksilver dragon
 31719 | Snake:4  | Killed a quicksilver dragon
 31721 | Snake:4  | Killed a quicksilver dragon
 31728 | Snake:4  | Got a serpentine rune of Zot
 32363 | Snake:4  | Identified the ring "Woyclocw" {rF+ rC++ Will+ Str-5
                  | Slay+4}
 32805 | Swamp:1  | Entered Level 1 of the Swamp
 32876 | Swamp:1  | Received a gift from Trog
 33084 | Swamp:1  | Noticed Mlioglotl
 33095 | Swamp:1  | Killed Mlioglotl
 34197 | Swamp:2  | Received a gift from Trog
 34431 | Swamp:2  | Reached XP level 18. HP: 174/180 MP: 17/17
 35469 | Swamp:4  | Entered Level 4 of the Swamp
 35490 | Swamp:4  | Found the +1 Delatra's gloves {ID++}
 35625 | Swamp:4  | Noticed Aizul
 35636 | Swamp:4  | Killed Aizul
 35638 | Swamp:4  | Received a gift from Trog
 36304 | Swamp:4  | Got a decaying rune of Zot
 36665 | Elf:1    | Entered Level 1 of the Elven Halls
 36671 | Elf:1    | Paralysed by an air elemental for 1 turns
 36685 | Elf:1    | Acquired a +4 great mace of holy wrath
 37136 | Elf:1    | Noticed Frances
 37146 | Elf:1    | Killed Frances
 37308 | Elf:1    | Noticed Louise
 37319 | Elf:1    | Killed Louise
 37643 | Elf:2    | Found Sesuuffu's Assorted Antiques.
 37657 | Elf:2    | Received a gift from Trog
 37663 | Elf:2    | Found a runed translucent gate.
 37663 | Elf:2    | Found a runed translucent gate.
 38001 | Elf:2    | Reached XP level 19. HP: 142/191 MP: 13/18
 38163 | Elf:2    | Found a runed translucent gate.
 38620 | Elf:3    | Entered Level 3 of the Elven Halls
 38624 | Elf:2    | Identified the +9 great mace of Peril {vorpal, rF- Will+
                  | rCorr Str+3} (Trog gifted it to you on level 2 of the Elven
                  | Halls)
 38624 | Elf:2    | Received a gift from Trog
 38678 | Elf:3    | Found a magical portal.
 38687 | WizLab   | Entered Wucad Mu's Monastery
 38887 | WizLab   | Found the +9 staff of Wucad Mu {*channel}
 39819 | Elf:3    | Identified the +1 halberd of Eternal War {vorpal, rElec
                  | Str+3 Int+2 Dex-3}
 39819 | Elf:3    | Identified the ring "Bufaig" {Fly rCorr Str+4 Dex+3}
 39963 | Elf:3    | Identified the +0 robe of the Kraken {Str+3 SInv}
 39977 | Elf:3    | Received a gift from Trog
 39979 | Elf:3    | Identified the +9 hand axe of Karma {venom, MP-9 Str+4
                  | Int+9 Stlth+}
 39983 | Elf:3    | Reached skill level 15 in Armour
 39988 | Elf:3    | Noticed a Brimstone Fiend
 40485 | Elf:3    | Identified the +9 scimitar of Equivalence {vorpal, rPois
                  | Stlth+}
 40544 | Elf:3    | Found the +18 shield of the Gong {rElec rN+ Will+ EV-5}
 40559 | Elf:3    | Identified the +1 scale mail of the Ten Jumping Xenops
                  | {Rampage rC+ Dex+2}
 40575 | Elf:3    | Identified the +1 ring mail "Cuegay" {rN+}
 40799 | Vaults:1 | Entered Level 1 of the Vaults
 40868 | Vaults:1 | Received a gift from Trog
 42004 | Vaults:1 | Received a gift from Trog
 42005 | Vaults:1 | Reached XP level 20. HP: 174/207 MP: 16/19
 42881 | Vaults:2 | Noticed Mara
 42900 | Vaults:2 | Killed Mara
 43774 | Vaults:2 | Received a gift from Trog
 44821 | Vaults:3 | Identified the +3 robe "Inoxis" {rN+ rCorr}
 45046 | Vaults:3 | Identified the +1 leather armour of the Ferocious God {rF+
                  | rC+ Regen+ Slay+3}
 45164 | Vaults:3 | Received a gift from Trog
 45903 | Vaults:3 | Found a staircase to the Crypt.
 45903 | Vaults:3 | Found a basalt altar of Yredelemnul.
 45903 | Vaults:3 | Found an ancient bone altar of Kikubaaqudgha.
 46009 | Vaults:3 | Found a runed translucent gate.
 46009 | Vaults:3 | Found a runed translucent gate.
 46009 | Vaults:3 | Found a runed translucent gate.
 46353 | Vaults:3 | Noticed Vatovie's ghost (veteran MiFi)
 46365 | Vaults:3 | Reached XP level 21. HP: 207/222 MP: 17/20
 46368 | Vaults:3 | Paralysed by a Zot trap for 4 turns
 46379 | Vaults:3 | Gained mutation: You are weak. (Str -2) [mutagenic glow]
 46390 | Vaults:3 | Paralysed by a great orb of eyes for 2 turns
 46395 | Vaults:3 | Gained mutation: You occasionally lose the ability to read
                  | scrolls when taking damage. [mutagenic glow]
 46398 | Vaults:3 | Slain by Vatovie's ghost

Illustrated notes

Levels and vault maps discovered:
D:1:      psy_arrival_whirlpool, layout_basic, ebering_ecumenical_altar_webs,
          nrook_mini_backslash, st_stairs_9, minmay_misc_feat_enclosed
D:2:      layout_loops_ring, corexii_shack, minmay_tetromino_t4, uniq_sigmund
D:3:      layout_basic, serial_rivers, chequers_serial_rivers_marsh,
          chequers_serial_rivers_micro_e, chequers_serial_rivers_micro_c,
          chequers_serial_rivers_small_3, chequers_serial_rivers_micro_d,
          biasface_ghost_orc_armoury, uniq_grinder
D:4:      layout_loops_ring, minmay_temple_entry_grid, grunt_ministairs_6,
          nrook_campfire, minmay_misc_feat_nine_boxes
D:5:      gammafunk_wand_slinger, layout_loops_cross, serial_shops,
          kennysheep_mini
D:6:      layout_basic, nemelex_spade_bored_becter, serial_shops,
          kennysheep_little_box
D:7:      layout_basic, grunt_temple_overflow_forces_of_nature,
          chequers_temple_overflow_statue_of_worship, centaur_isle, uniq_duvessa
D:8:      layout_rooms, serial_shops, nicolae_diamond_shop,
          gammafunk_ghost_cemetery, serial_glass, glass_columns_a,
          glass_columns_b, hangedman_abyss_or_decor_jellyfish_corner,
          uniq_amaemon, uniq_maurice
D:9:      layout_gridville
D:10:     minmay_klotski, layout_cave_pools, minmay_overflow_temple_star_quad,
          lair_entry_dummy, onia_ninara_dug_in_and_dangerous
D:11:     layout_small_grid, serial_shops, nicolae_shop_stone
D:12:     layout_roguey, orc_0_dummy, trove_entry_hex_spiral
D:13:     layout_roguey, david_vaults_2, gauntlet_entry_generic,
          portal_ice_cave_entry_pillars_2, serial_undead, serial_undead_c,
          serial_undead_d, serial_undead_b, serial_undead_e
D:14:     layout_irregular_city, gammafunk_ghost_stat_death, uniq_agnes
D:15:     grunt_enter_depths_snipers, layout_gridville,
          nicolae_shop_overcharged_wands
Temple:   nicolae_temple_slightly_damp_pantheon
Lair:1:   layout_regular_city, columned_hall_lemuel,
          nzn_masters_of_martial_movement
Lair:2:   layout_misc_corridors, uniq_erica, uniq_maggie
Lair:3:   layout_chaotic_city, nicolae_swamp_entry_splash_gauntlet,
          lemuel_fruit_tree, uniq_gastronok
Lair:4:   layout_cave_pods, slime_entry_2, gammafunk_ghost_necromancy,
          uniq_josephine
Lair:5:   minmay_lair_end_enchanted_forest, layout_layer_cave,
          grunt_megastairs_1, uniq_sonja
Swamp:1:  nicolae_swamp_ascending_descending, layout_basic_swamp,
          evilmike_swamp_ruin_house_2, uniq_mlioglotl
Swamp:2:  nicolae_swamp_flooded_prison, layout_falls_marsh, hangedman_swamp_cone
Swamp:3:  layout_basic_swamp, evilmike_swamp_ruin_house_5, swamp_pool1
Swamp:4:  swamp, layout_basic_swamp, uniq_aizul
Snake:1:  layout_layer_cave, basic_altar, grunt_ministairs_10,
          nicolae_snake_lava_pool, serial_bayou_shore_a
Snake:2:  layout_onion_interference, grunt_ministairs_1, grunt_megastairs_2,
          uniq_nikola
Snake:3:  layout_gridlike
Snake:4:  hellmonk_snake_rune_quicksilver_temple, layout_chambers,
          minmay_shoptagon
Orc:1:    layout_caves, basic_altar, serial_shops, nicolae_lakefront_shop
Orc:2:    st_orc_town, layout_caves, bh_open_orc_temple
Elf:1:    nicolae_elf_arrival_aired_out, layout_gridlike,
          minmay_elf_annihilation, grunt_megastairs_4, uniq_frances, uniq_louise
Elf:2:    elven_hall_of_blades_hangedman_original [mumra_blade_entry_dagger],
          layout_loops_cross, serial_shops, shop
Elf:3:    elf_hall, layout_geoelf_grid, mu_enter_wizlab_3, grunt_ministairs_13,
          nicolae_elf_vaults_five_recruitment_drive
Vaults:1: nicolae_vaults_three_branches, vaults_room_door_ring, v_misc_30,
          nicolae_vaults_specimen_jars, nicolae_vaults_little_squares_1,
          nicolae_vaults_little_ls, nicolae_vaults_sealed_display, serial_ice_h,
          vaults_mumra_hex, v_misc_24, v_misc_2, grunt_vaults_hallway_short,
          layout_vaults_big_room
Vaults:2: v_misc_4, vaults_room_grid, nicolae_vaults_mini_display_case,
          v_misc_22, v_misc_27, v_alt_pattern_3, hangedman_vaults_restitches,
          ontoclasm_vaults_idyll, v_misc_28, nicolae_vaults_quartermaster,
          ontoclasm_vaults_twist, ontoclasm_vaults_chip, layout_vaults_ring,
          uniq_mara, uniq_margery
Vaults:3: gammafunk_ghost_tricky_traps, nicolae_vaults_network_s,
          nicolae_vaults_little_squares_4, minmay_crypt_entry_necro_gods,
          vaults_dpeg_encased_lava, vaults_dpeg_ring, layout_vaults_quadrants

Skill      XL: |  1  2  3  4  5  6  7  8  9 10 11 12 13 14 15 16 17 18 19 20 |
---------------+-------------------------------------------------------------+-----
Fighting       | 4 5 6 8 9 11 12 14 16 17 19 20 21 24 26 | 26.4
Maces & Flails | 4 5 6 7 9 10 11 13 14 15 17 20 21 22 23 24 26 | 26.0
Throwing       | 1 2 3 4 5 6 7 9 10 11 12 13 14 | 14.1
Dodging        | 3 4 5 6 7 8 9 10 11 | 11.5
Stealth        | 1 2 3 4 5 6 7 8 9 |  9.3
Armour         | 3 4 5 6 8 10 11 12 13 14 15 | 15.6
Evocations     | 1 3 4 5 6 |  6.1

Action                   |  1- 3 |  4- 6 |  7- 9 | 10-12 | 13-15 | 16-18 | 19-21 || total
-------------------------+-------+-------+-------+-------+-------+-------+-------++-------
Melee: Mace              |    61 |    70 |     6 |       |       |       |       ||   137
       Headbutt          |     6 |     6 |    20 |    99 |   271 |   197 |   167 ||   766
       Whip              |       |       |   161 |   414 |   487 |       |       ||  1062
       Punch             |       |       |       |     8 |     7 |       |       ||    15
       Great mace        |       |       |       |       |   642 |   813 |   679 ||  2134
Throw: Dart              |    11 |       |     5 |    13 |    35 |    20 |     6 ||    90
       Boomerang         |     4 |    18 |    19 |       |    54 |   185 |    75 ||   355
       Javelin           |       |       |    28 |    99 |    34 |    15 |     6 ||   182
Invok: Berserk           |     1 |     1 |     1 |     7 |    10 |     3 |     1 ||    24
       Trog's Hand       |       |     2 |     1 |     6 |     5 |     3 |     6 ||    23
       Brothers in Arms  |       |       |       |     1 |       |       |     2 ||     3
Evoke: Wand              |       |       |    38 |    11 |    48 |    12 |     4 ||   113
       Phantom mirror    |       |       |       |       |       |       |     1 ||     1
  Use: Scroll            |       |     2 |     6 |     5 |    17 |    10 |    16 ||    56
       Potion            |       |       |     3 |     4 |     8 |       |     4 ||    19
 Stab: Invisible         |       |       |       |     2 |    10 |       |       ||    12
       Paralysed         |       |       |       |       |     1 |       |       ||     1
       Distracted        |       |       |       |       |     2 |     4 |     3 ||     9
       Sleeping          |       |       |       |       |     6 |    42 |    15 ||    63
Armor: Animal skin       |     7 |     3 |       |       |       |       |       ||    10
       Scale mail        |       |    14 |    53 |   128 |   391 |   256 |   252 ||  1094
       Ice dragon scales |       |       |       |       |    20 |       |       ||    20
Dodge: Dodged            |    42 |    44 |    71 |   152 |   600 |   523 |   550 ||  1982
       Repelled          |       |       |       |       |       |     3 |    11 ||    14
